 Dungeon Sprint DCSS version 0.21-a0-442-g848f44b (webtiles) character file.

25 Kidiri the Ruffian (level 2, -22/24 HPs)
             Began as a Draconian Transmuter on Nov 16, 2017.
             Annihilated by an ogre
             ... wielding a +0 giant club
              (30 damage)
             ... in the Dungeon (Sprint I: "Red Sonja").
             The game lasted 00:00:34 (76 turns).

Kidiri the Ruffian (Draconian Transmuter)             Turns: 76, Time: 00:00:35

Health: -22/24     AC:  4    Str: 12    XL:     2   Next: 82%
Magic:  0/5        EV: 13    Int: 13    God:
Gold:   0          SH:  0    Dex: 11    Spells: 3/6 levels left

rFire    . . .     SeeInvis .     - Unarmed
rCold    . . .     Gourm    .   (no shield)
rNeg     . . .     Faith    .   (armour unavailable)
rPois    .         Spirit   .   (helmet restricted)
rElec    .         Reflect  .   (no cloak)
rCorr    .         Harm     .   (no gloves)
MR       .....     NoTele   +   (no boots)
Stlth    ++........             (no amulet)
HPRegen  0.08/turn              (no ring)
MPRegen  0.09/turn              (no ring)

@: appendage
A: unfitting armour, horns 2, cold-blooded, AC +4
a: End Transformation


You were in the Dungeon.
You were not hungry.
You had grown temporary horns.
You visited 1 branch

Inventory:

Missiles
 a - 10 arrows
Scrolls
 i - a scroll of blinking
Potions
 d - a potion of curing
 e - a potion of heal wounds
 f - a potion of haste
 g - 2 potions of magic
 h - a potion of mutation {unknown}
Books
 b - a book of Changes

   Spells                             Type                      Level
   a - Beastly Appendage              Transmutation                1
   b - Sticks to Snakes               Transmutation                2
   c - Spider Form                    Transmutation/Poison         3
   d - Ice Form                       Ice/Transmutation            4
   e - Blade Hands                    Transmutation                5
Comestibles
 c - a bread ration
 j - a chunk of flesh


   Skills:
 + Level 2.2 Fighting
 * Level 3.0 Dodging
 + Level 1.5 Stealth
 * Level 4.0 Unarmed Combat
 + Level 2.6 Spellcasting
 * Level 3.2 Transmutations


You had 3 spell levels left.
You knew the following spells:

 Your Spells              Type           Power        Failure   Level  Hunger
a - Beastly Appendage     Tmut           ##....       6%          1    #......
b - Sticks to Snakes      Tmut           ##......     10%         2    ###....


Dungeon Overview and Level Annotations

Branches:
Dungeon (1/1)

Altars:


Innate Abilities, Weirdness & Mutations

Your plain brown scales are hard. (AC +4)
You cannot fit into any form of body armour.
You are cold-blooded and may be slowed by cold attacks.
You have a pair of horns on your head.


Message History

Confirm with . or Enter, or press ? or * to list all spells.
You create a snake!
You now have 10 arrows.
Casting: Sticks to Snakes
Confirm with . or Enter, or press ? or * to list all spells.
You grow a pair of large bovine horns.
Unknown command.
You open the door.
Unknown command.
An ogre comes into view. It is wielding a giant club.
There is an open door here.
Unknown command.
The ogre hits you with a giant club!
Ouch! That really hurt!
* * * LOW HITPOINT WARNING * * *
Unknown command.
You hit the ogre.
The ogre is lightly wounded.
Your ball python bites the ogre.
The ogre hits you with a giant club!!
Ouch! That really hurt!
You die...

##########
#<.#.SSO.#
#..'[.#@.+
#..#####+#
#..# #..#
#..# #⌠⌠#
####


You could see an ogre and 2 friendly ball pythons.

Vanquished Creatures
  Ijyb (D)
1 creature vanquished.

Notes
Turn   | Place    | Note
-------+----------+-------------------------------------------
     0 | D        | Kidiri the Draconian Transmuter began the quest for the Orb.
     0 | D        | Reached XP level 1. HP: 16/16 MP: 3/3
     3 | D        | Noticed Ijyb
    10 | D        | Killed Ijyb
    10 | D        | Reached skill level 1 in Stealth
    10 | D        | Reached skill level 4 in Unarmed Combat
    10 | D        | Reached XP level 2. HP: 24/24 MP: 2/5
    56 | D        | Learned a level 2 spell: Sticks to Snakes
    74 | D        | Noticed an ogre
    76 | D        | Annihilated by an ogre

Vault maps used:
D:        dungeon_sprint_1

Skill      XL: |  1 |
---------------+----+-----
Fighting       | 2 |  2.2
Dodging        | 3 |  3.0
Stealth        | 1 |  1.5
Unarmed Combat | 4 |  4.0
Transmutations | 3 |  3.2
Spellcasting   | |  2.6

Action                   || total
-------------------------++-------
Melee: Unarmed           ||     7
       Tailslap          ||     2
 Cast: Beastly Appendage ||     2
       Sticks to Snakes  ||     2
  Use: Potion            ||     1
Armor: Skin              ||     1
Dodge: Dodged            ||     2

Table legend:
 A = Spawn XP
 B = Non-spawn XP
 C = Spawn XP percentage of total XP
 D = Spawn monster count
 E = Non-spawn monster count
 F = Spawn count percentage of total count
 G = Total turns spent on level
                    A         B        C        D         E        F      G
               +---------+---------+-------+---------+---------+-------+---------
         Total |       0 |      36 |   0.0 |       0 |       1 |   0.0 |    76
               +---------+---------+-------+---------+---------+-------+---------
             D |       0 |      36 |   0.0 |       0 |       1 |   0.0 |    76
               +---------+---------+-------+---------+---------+-------+---------
